← All builds
Tech / Armada / Economy first / OBSERVED BUILD

Standard tech

Armada Tech (Eco) build order · Supreme Isthmus

Rushes T2 by 4:15, gets Advanced Metal Extractor around 5:28, hands off T2 constructors to Geo and the team, then scales eco and supplies the team's T2 needs through the rest of the game.

Usually first T2 con to Geo (83%)

#eco #t2 #team support · 1579 distinct matches · 255 players · 58% of Armada Tech games · team won 53% of 1874 · Recently observed

HOW TO PLAY IT

Key timing: T2 factory by 4:15

  1. Open 3 mex and heavy wind to fund a fast T2 rush.
  2. Put down Bot Lab, planning to eat it for reclaim soon after.
  3. Get Advanced Bot Lab up, hitting the T2 factory rush timing.
  4. Upgrade mex to Advanced Metal Extractor to lock in team metal income.
  5. Eat Advanced Bot Lab and keep sending cons to Geo and Pond.

Phase by phase

TYPICAL OF ITS 1579 GAMES
  1. 1
  2. 2
  3. 3
  4. 4
PLAY THE OPENING

Follow the example game's first 6:00 step by step: what to build now, what comes next, and where it goes. At 1× it keeps pace with your own game.

  1. 1

    Up to the Bot Lab

    Economy
    • Metal Extractor3Mex
    • Wind Turbine4Wind
    Order
    1. Bot LabBot Lab after 3 mex, 4 winddone ~1:18, middle half 1:13–1:32

    Some games also: energy storage (31%)

    By 1:01 in all: 3 mex · 4 wind

    The example game in this phase · 3 steps
    1. Mex ×3
    2. Wind ×4
    3. Bot LabBot Labdone 1:13 · typical 1:18
  2. 2

    Bot Lab to Advanced Bot Lab

    Economy
    • Metal Extractor1Mex
    • Wind Turbine8Wind
    • Energy Storage1Energy storage
    Order
    1. Advanced Bot LabAdvanced Bot Lab after 4 mex, 12 wind, 3 con turretdone ~4:16, middle half 4:04–4:30
    Builders
    • Construction Turret3 Con turret
    • Lazarus3 Lazarus
    • Construction Bot2 Con bot
    • Construction Bot1 Con bot for allies

    Some games also: converter (36%)

    By 3:18 in all: 4 mex · 12 wind · 1 energy storage · 3 con turret

    The example game in this phase · 13 steps
    1. Wind
    2. LazarusLazarus ×2
    3. Wind
    4. Construction BotCon bot ×2
    5. Wind ×4
    6. Energy storage
    7. Construction BotCon bot
    8. LazarusLazarus
    9. Con turret
    10. Mex
    11. Wind ×3
    12. Con turret
    13. Advanced Bot LabAdvanced Bot Labdone 3:51 · typical 4:16
  3. 3

    Advanced Bot Lab to 5:00

    Economy
    • Wind Turbine3Wind
    Order
    1. Bot LabEat Bot Lab
    Builders
    • Advanced Construction Bot1 T2 con bot for allies

    Some games also: converter (35%)

    By 5:00 in all: 4 mex · 15 wind · 1 converter · 1 energy storage · 3 con turret

    The example game in this phase · 5 steps
    1. Bot LabEat Bot Labreclaimed for its metal
    2. Advanced Construction BotT2 con botfor Geo
    3. GunslingerGunslingerfor Ponddone 4:28
    4. Advanced Metal ExtractorT2 mex ×2done 4:53 · typical 5:29
    5. Advanced Construction BotT2 con botfor Pond
  4. 4

    5:00 to 10:00

    Economy
    • Wind Turbine43Wind
    • Energy Converter6Converter
    Builders
    • Butler9 Butler
    • Advanced Construction Bot4 T2 con bot for allies
    • Advanced Construction Bot1 T2 con bot

    Some games also: con turret (43%) · Butler for allies (36%)

    By 10:00 in all: 4 mex · 58 wind · 8 converter · 1 energy storage · 3 con turret

    The example game in this phase · 197 steps
    1. Wind ×2
    2. Advanced Metal ExtractorT2 mex
    3. Wind
    4. ButlerButler
    5. Advanced Metal ExtractorT2 mex
    6. ButlerButler
    7. Wind
    8. Advanced Construction BotT2 con botfor Air
    9. Wind ×3
    10. Advanced Construction BotT2 con botfor Geo sea
    11. Wind ×3
    12. Advanced Construction BotT2 con botfor Beach sea
    13. Wind ×5
    14. ButlerButler
    15. Wind ×2
    16. ButlerButler
    17. Wind ×3
    18. ButlerButlerfor Geo sea
    19. Wind ×3
    20. ButlerButlerfor Geo sea
    21. Wind ×4
    22. ButlerButler
    23. Wind
    24. Converter
    25. Wind
    26. ButlerButler
    27. Wind ×2
    28. Converter
    29. Wind
    30. ButlerButler
    31. Wind ×2
    32. Converter
    33. Advanced Construction BotT2 con botfor Suicide front
    34. Converter
    35. Wind ×4
    36. ButlerButler
    37. Wind
    38. Converter
    39. Wind
    40. Converter
    41. ButlerButler
    42. Wind ×4
    43. ButlerButler
    44. Converter
    45. Wind
    46. HoundHound
    47. Wind ×3
    48. ButlerButler
    49. Converter
    50. GunslingerGunslingerfor Geo sea
    51. Wind ×10
    52. ButlerButler
    53. Converter
    54. Wind ×4
    55. ButlerButler
    56. Con turret
    57. Wind ×7
    58. Converter
    59. Con turret
    60. Wind ×4
    61. Con turret
    62. Wind ×4
    63. Con turret
    64. Wind ×3
    65. Converter
    66. Wind ×8
    67. ButlerButler
    68. Wind ×3
    69. ButlerButler
    70. Wind ×2
    71. UmbrellaAnti-nukenot finished by 15:00
    72. Con turret
    73. Wind
    74. Converter
    75. Wind ×5
    76. Con turret
    77. Wind ×4
    78. Converter
    79. Wind ×8
    80. Converter
    81. Wind ×4
    82. Converter
    83. Wind ×2
    84. Advanced Construction BotT2 con botfor Geo sea
    85. Wind ×3
    86. Converter
    87. Wind
    88. UmbrellaAnti-nuke
    89. Wind ×4
    90. Converter
    91. Wind ×4
    92. Converter
    93. Wind ×6
    94. Converter
    95. Wind ×3
    96. Converter
    97. Wind ×2
    98. Converter
    99. Wind ×7
    100. Converter
    101. Wind ×5
    102. ButlerButler
    103. Converter
    104. Wind
    105. Converter
    106. Wind ×4
    107. ButlerButler
    108. Converter
    109. Wind
    110. Converter
    111. Wind ×4
    112. ButlerButler
    113. Wind
    114. Converter
    115. Wind
    116. Converter
    117. Wind ×2
    118. Advanced Construction BotT2 con bot
    119. Wind
    120. Converter
    121. Wind ×2
    122. Converter
    123. Wind ×4
    124. Converter
    125. Wind ×7
    126. Aircraft PlantAircraft Plantdone 12:25
    127. Converter ×2
    128. Wind ×7
    129. Converter
    130. Wind ×7
    131. Converter
    132. Wind ×4
    133. Construction AircraftCon aircraft
    134. Wind ×3
    135. Converter
    136. Wind ×3
    137. Converter
    138. Wind ×3
    139. Converter
    140. Wind
    141. Advanced Aircraft PlantAdvanced Aircraft Plantdone 13:33
    142. Wind ×4
    143. Converter
    144. Wind ×2
    145. Con turret
    146. Wind ×4
    147. Converter
    148. Wind ×2
    149. Con turret
    150. Wind
    151. Con turret
    152. Wind
    153. Converter
    154. Wind ×3
    155. Metal storage
    156. Wind
    157. Converter
    158. Wind ×4
    159. Converter
    160. Wind ×2
    161. Aircraft PlantEat Aircraft Plantreclaimed for its metal
    162. Wind ×3
    163. Converter
    164. Wind
    165. Advanced Bot LabEat Advanced Bot Labreclaimed for its metal
    166. Wind
    167. Fusion ReactorFusiondone 14:53
    168. Wind ×4
    169. Converter
    170. Wind ×2
    171. Con turret
    172. Wind
    173. LicheLichedone 14:00
    174. Wind ×3
    175. Converter
    176. Wind ×6
    177. Converter
    178. Wind
    179. Converter
    180. Wind ×4
    181. Converter
    182. Wind ×3
    183. Converter
    184. Wind ×3
    185. Converter
    186. Wind ×6
    187. Converter
    188. Wind ×7
    189. Converter
    190. Wind ×5
    191. Converter
    192. Wind ×6
    193. Converter
    194. Wind ×4
    195. Con turret
    196. Wind ×5
    197. Fusion ReactorFusion

Counts are medians over the build's games: half of them build more, half fewer. The example game is Hannodins's (36 OS, 13/10/2026); pick another.

Team trades

IN AT LEAST 30% OF ITS GAMES

You hand over

  • Construction Bot1 Con bot to Airfirst at 2:23 · in 84% of games
  • Advanced Construction Bot5 T2 con bot to Air or Geo sea or Pondfirst at 4:50 · in 99% of games
  • Butler2 Butler to Geo sea or Beach sea or Pondfirst at 9:07 · in 42% of games

You get

  • Hercules1 Light transport from Airfirst at 4:01 · in 86% of games

How it plays out

Typical game of this build, running totals by minute

Metal produced

020k40k
0:005:0010:0015:00

metal

Enemy metal destroyed

050100
0:005:0010:0015:00

metal

Own metal lost

050100150
0:005:0010:0015:00

metal

1874 games.

Show as table
ByMetal produced: This buildEnemy metal destroyed: This buildOwn metal lost: This build
1:0038300
2:0091500
3:00165100
4:00314400
5:00484700
6:00580000
7:00722700
8:00906100
9:001117300
10:001350300
11:001624200
12:001965600
13:002344500
14:0027362073
15:003154285130
WHAT THE NUMBERS SAY

Standard Tech play barely fights at all early, instead pouring metal into T2 infrastructure and constructors for the team.

  • + Metal produced hits 31679 by 15:00, by far the highest of any role here.
  • + T2 factory reached in 97% of games by 4:15, fastest and most reliable T2 timing.
  • − Enemy metal destroyed stays at 0 through 10:00, no early offense at all.
  • − Own metal lost also near 0, showing total avoidance of combat risk.
THE EXAMPLE YOU ARE READING

Hannodins

36.4 OS · 13/10/2026

Open source match ↗

2 received units
3256 metal received · 35701 energy received

Allied construction assistance is unknown. Timings are observations, not a promise of solo reproducibility.

Typical milestones

Bot Lab1:18Middle 50%: 1:13–1:32 · n=1874
Advanced Bot Lab4:16Middle 50%: 4:04–4:30 · n=1867
Advanced Metal Extractor5:29Middle 50%: 5:05–5:59 · n=1870

Played most by

Amrissa93games of this buildTheGeneraI66games of this buildAdeus57games of this buildEl_Turco56games of this buildKOT_43games of this build